 Dungeon Crawl Stone Soup version 0.32-a0-473-gd044c6f0f0 (webtiles) character file.

Game seed: 14266598754826612105

55668 runemasterragnar the Severer (level 13, -8/103 HPs)
             Began as a Coglin Gladiator on Feb 25, 2024.
             Was a High Priest of Ru.
             Killed from afar by Azrael (51 damage)
             ... with damnation
             ... on level 14 of the Dungeon.
             The game lasted 00:25:38 (11991 turns).

runemasterragnar the Severer (Coglin Gladiator)    Turns: 11991, Time: 00:25:38

Health: -8/103     AC: 10    Str: 17    XL:     13   Next: 78%
Magic:  13/13      EV: 12    Int:  8    God:    Ru [*****.]
Gold:   864        SH:  0    Dex: 16    Spells: 12/12 levels left

rFire   + . .        Y - +4 scimitar (flame) {Eunwoo}
rCold   + . .        s - +9 broad axe {Egon}
rNeg    . . .        y - +1 troll leather armour {Pargi}
rPois   .            (no helmet)
rElec   .            I - +2 cloak
rCorr   +            (no gloves)
SInv    .            m - +2 pair of boots
Will    ++...        q - amulet of Tocw {Acrobat ^Fragile Will++ rCorr Slay+4}
Stlth   +            (ring unavailable)
HPRegen 1.17/turn    (ring unavailable)
MPRegen 0.13/turn

%: acrobat
@: revved
A: cold resistance 1, fire resistance 1, weak 1, hated by all, unskilled 1,
inexperienced 1, off-hand wielding, slow wielding, warmup strikes, no rings
a: Renounce Religion, Draw Out Power, Power Leap, Apocalypse


You were on level 14 of the Dungeon.
You worshipped Ru.
Ru was extremely pleased with you.
You visited 1 branch of the dungeon, and saw 14 of its levels.
You also visited: Sewer and Bailey.

You collected 1007 gold pieces.
You spent 143 gold pieces at shops.

Inventory:

Hand Weapons
 a - a +1 long sword {Ana}
 g - a +0 short sword {Karolin}
 o - a +0 dagger of freezing
 s - a +9 broad axe (offhand) {Egon}
 t - a +2 dagger of venom {Bonhwa}
 E - a +1 long sword of freezing {Elena}
 G - a +4 war axe
 Y - a +4 scimitar of flaming (weapon) {Eunwoo}
Missiles
 d - 8 throwing nets (quivered)
 e - 6 javelins
 H - 2 atropa-tipped darts
 Q - 11 boomerangs
Armour
 h - +0 acid dragon scales
 m - a +2 pair of boots (worn)
 y - a +1 troll leather armour (worn) {Pargi}
 I - a +2 cloak (worn)
Jewellery
 q - the amulet of Tocw (around neck) {Acrobat ^Fragile Will++ rCorr Slay+4}
   (You acquired it on level 10 of the Dungeon)

   [amulet of the acrobat]

   Acrobat:   It increases your evasion while moving and waiting.
   Slay+4:    It affects your accuracy & damage with ranged weapons and melee
   (+4).
   Will++:    It greatly increases your willpower.
   rCorr:     It protects you from acid and corrosion.
   ^Fragile:  It will be destroyed if unequipped.
Talismans
 n - a flux talisman
Wands
 B - a wand of mindburst (9)
 O - a wand of paralysis (4)
 S - a wand of polymorph (6)
 T - a wand of quicksilver (1)
Scrolls
 b - a scroll of vulnerability
 f - 4 scrolls of teleportation
 i - 3 scrolls of immolation
 l - 2 scrolls of poison
 p - a scroll of amnesia
 A - 2 scrolls of fear
 F - a scroll of identify
 J - 2 scrolls of fog
 K - 2 scrolls of torment
 N - a scroll of noise
 P - a scroll of silence
Potions
 c - a potion of lignification
 j - 2 potions of haste
 k - 7 potions of curing
 r - 3 potions of enlightenment
 u - 2 potions of resistance
 v - 4 potions of magic
 w - 2 potions of might
 x - 4 potions of mutation
 z - a potion of degeneration
 C - a potion of heal wounds
 D - 3 potions of attraction
 V - 2 potions of brilliance


   Skills:
 - Level 10.0 Fighting
 - Level 13.1 Long Blades
 * Level 15.8 Axes
 - Level 1.6 Throwing
 - Level 2.4 Dodging


You had 12 spell levels left.
You didn't know any spells.
Your spell library contained the following spells:

 Spells                   Type           Power      Damage    Failure   Level
 Necrotise                Necr           0%         1d4       47%         1
 Ensorcelled Hibernation  Hex/Ice        0%         N/A       63%         2
 Lesser Beckoning         Tloc           0%         N/A       63%         2
 Scorch                   Fire           0%         2d5       63%         2
 Static Discharge         Conj/Air       0%         3-3/arc   63%         2
 Fugue of the Fallen      Necr           0%         N/A       85%         3
 Gell's Gravitas          Tloc           0%         N/A       85%         3
 Inner Flame              Hex/Fire       0%         N/A       85%         3
 Ozocubu's Armour         Ice            0%         N/A       85%         3
 Teleport Other           Tloc           0%         N/A       85%         3
 Airstrike                Air            0%         2d(0-16)  99%         4
 Anguish                  Hex/Necr       0%         N/A       99%         4
 Cause Fear               Hex            0%         N/A       99%         4
 Flame Wave               Conj/Fire      0%         2d4       99%         4
 Passage of Golubria      Tloc           0%         N/A       99%         4
 Sticky Flame             Fire/Alch      0%         2d4       99%         4
 Fireball                 Conj/Fire      0%         3d3       100%        5
 Lee's Rapid Deconstruct  Erth           0%         3d4*      100%        5
 Metabolic Englaciation   Hex/Ice        0%         N/A       100%        5
 Yara's Violent Unravell  Hex/Alch       0%         3d3       100%        5
 Tukima's Dance           Hex            Unusable   N/A       N/A         3
 Animate Armour           Summ/Erth      Unusable   N/A       N/A         4
 Summon Lightning Spire   Summ/Air       Unusable   N/A       N/A         4
 Sculpt Simulacrum        Ice/Alch       Unusable   N/A       N/A         6
 Summon Cactus Giant      Summ           Unusable   N/A       N/A         6
 Dragon's Call            Summ           Unusable   N/A       N/A         9

Dungeon Overview and Level Annotations

Branches:
Dungeon (14/15)            Temple (0/1) D:5            Lair (0/5) D:8
    Orc (0/2) D:11         Vaults (0/5) D:14          Sewer (visited)
 Bailey (visited)

Altars:
Ashenzari
Elyvilon
Kikubaaqudgha
Makhleb
Nemelex Xobeh
Ru
Sif Muna
Trog
Wu Jian
Zin
The Shining One

Shops:
D:3 *   D:6 ?   D:10 :

Portals:
Gauntlet: D:14

Annotations:
D:11 exclusion: orange crystal statue
D:14 Azrael, Kirke


Innate Abilities, Weirdness & Mutations

Your flesh is cold resistant. (rC+)
Your flesh is heat resistant. (rF+)
You are weak. (Str -2)
You are hated by all.
You are somewhat unskilled. (-1 Apt)
You are somewhat inexperienced. (-1 XL)
You can wield a second weapon in your off-hand.
It takes a long time for you to wield or remove held weapons.
Your first few attacks do less damage.
Your grasper-arms cannot wear rings.


Message History

The bolt of fire misses you.
You start resting.
You feel yourself slow down.
The tengu conjurer casts a spell at you.
The bolt of lightning misses you.
You slice the tengu conjurer with your +9 broad axe!!
The tengu conjurer is severely wounded.
You slash the tengu conjurer with your +4 scimitar of flaming!
You burn the tengu conjurer.
You kill the tengu conjurer!
You slash the hell hound with your +9 broad axe!
The hell hound is heavily wounded.
You slash the hell hound with your +4 scimitar of flaming!
The hell hound bites you.
The hog squeals angrily.
You slice the hell hound with your +9 broad axe!!
You kill the hell hound!
You slash Azrael with your +4 scimitar of flaming!
Azrael is lightly wounded.
You hit Azrael with your +9 broad axe.
Azrael hits you with a +1 scimitar of flaming.
You hit Azrael but do no damage.
Azrael is lightly wounded.
You completely miss Azrael with your +4 scimitar of flaming.
You hit Azrael but do no damage.
Azrael is lightly wounded.
You barely miss Azrael with your +4 scimitar of flaming.
Azrael closely misses you.
You slash Azrael with your +9 broad axe!
Azrael is moderately wounded.
You slash Azrael with your +4 scimitar of flaming!
Azrael gestures at you.
The sphere of damnation explodes!
The damnation engulfs you!!
* * * LOW HITPOINT WARNING * * *
The damnation engulfs Azrael.
Azrael completely resists.
You feel much better. Azrael gestures at you.
The sphere of damnation explodes!
The damnation engulfs you!!!
You die...
Ru respects your ultimate sacrifice.

#......[.#***
#..!.....####
#....#......#
#######..##.###########
#..................
#.#.......#########
###.##.##.######*****
#....>...........,,,,
###.@.....#######****
#R####### #h# ********
####h#########*,,,,,,,
#............#*,,,,,,,
#............#*,,,,,,,
#.............,,,,,,,,
#.†..°...~~~..,,,,,,,,
#.......~~ß~~.,,,,,,,,


You could see Azrael and 2 hogs.

Vanquished Creatures
  An orc warlord (Bailey)
  Snorg (D:14)
  Harold (D:10)
  A catoblepas (D:14)
  An ogre mage (D:14)
  A centaur warrior (D:13)
  5 two-headed ogres
  Erica (D:10)
  A boulder beetle (D:11)
  A tengu warrior (D:14)
  Urug (D:12)
  3 skeletal warriors (D:14)
  A deep elf pyromancer (D:13)
  2 orc knights (Bailey)
  6 manticores
  3 cyclopes
  Maurice (D:8)
  4 ugly things
  2 gargoyles
  Jeremiah (D:6)
  A komodo dragon (D:12)
  A komodo dragon (shapeshifter) (D:13)
  An efreet (D:13)
  A tengu conjurer (D:14)
  9 trolls
  Sigmund (D:3)
  6 wraiths
  A shadow (D:13)
  6 slime creatures
  A human (D:8)
  A ynoxinul (D:9)
  8 yaks
  A warg (D:11)
  A basilisk (D:14)
  6 hogs
  A steam dragon (D:9)
  7 fire elementals (D:14)
  9 vampire mosquitoes
  A hell hound (D:14)
  An acid dragon (D:9)
  Pargi (D:3)
  An ice beast (D:8)
  10 orc warriors
  A sky beast (D:7)
  2 ogres
  10 centaurs
  2 wolves (D:8)
  A phantom (D:6)
  5 kobold brigands
  A bullfrog (D:7)
  2 scorpions
  9 wights
  22 killer bees
  10 howler monkeys
  4 hounds
  12 orc priests
  A jelly (D:5)
  3 iguanas
  Natasha (twice) (D:3)
  17 orc wizards
  Robin (D:2)
  10 gnolls
  7 adders
  A shadow imp (D:7)
  2 white imps
  2 ufetubi (D:7)
  2 dart slugs (D:3)
  A ribbon worm (D:2)
  49 orcs
  10 ball pythons
  15 bats
  11 endoplasms
  5 giant cockroaches
  35 goblins
  21 hobgoblins
  3 jackals (D:1)
  22 kobolds
  2 quokkas
  2 frilled lizards
  7 rats
426 creatures vanquished.

Vanquished Creatures (others)
  A cyclops (D:14)
  A hog (D:14)
  A wight (D:6)
  An orc wizard (D:8)
  A ball python (D:3)
5 creatures vanquished.

Grand Total: 431 creatures vanquished

Notes
Turn   | Place    | Note
-------+----------+-------------------------------------------
     0 | D:1      | runemasterragnar the Coglin Gladiator began the quest for
                  | the Orb.
     0 | D:1      | Reached XP level 1. HP: 16/16 MP: 1/1
   114 | D:1      | Reached XP level 2. HP: 16/22 MP: 2/2
   497 | D:1      | Reached XP level 3. HP: 28/28 MP: 3/3
   655 | D:1      | Found a faded altar of an unknown god.
   708 | D:1      | Prayed at the altar of an unknown god.
   708 | D:1      | Became a worshipper of Ru the Awakened
   712 | D:1      | Gained mutation: You are somewhat unskilled. (-1 Apt) [Ru
                  | sacrifice]
   712 | D:1      | Reached * piety under Ru
  1116 | D:2      | Noticed Robin
  1319 | D:2      | Reached XP level 4. HP: 31/34 MP: 4/4
  1331 | D:2      | Killed Robin
  1511 | D:2      | You fall into a shaft and drop 1 floor!
  1559 | D:3      | Noticed Sigmund
  1577 | D:3      | Killed Sigmund
  1578 | D:3      | Reached skill level 5 in Long Blades
  1578 | D:3      | Reached XP level 5. HP: 28/41 MP: 5/5
  1578 | D:3      | Reached XP level 6. HP: 33/47 MP: 6/6
  1741 | D:3      | Found a white marble altar of Elyvilon.
  1861 | D:3      | Found an ornate altar of the Wu Jian Council.
  1905 | D:3      | Found a sparkling altar of Nemelex Xobeh.
  2155 | D:3      | Found a glowing drain.
  2164 | Sewer    | Entered a sewer
  2214 | Sewer    | Gained mutation: You are hated by all. [Ru sacrifice]
  2214 | Sewer    | Reached ** piety under Ru
  2214 | Sewer    | Reached *** piety under Ru
  2557 | D:3      | Found Alaeczek's General Store.
  2564 | D:3      | Bought a scroll of identify for 22 gold pieces
  2569 | D:3      | Noticed Natasha
  2574 | D:3      | Killed Natasha
  2677 | D:3      | Noticed Natasha
  2681 | D:3      | Killed Natasha
  2682 | D:3      | Reached XP level 7. HP: 54/54 MP: 7/7
  2710 | D:3      | Noticed Pargi
  2719 | D:3      | Killed Pargi
  3777 | D:5      | Entered Level 5 of the Dungeon
  3820 | D:5      | Found a staircase to the Ecumenical Temple.
  3899 | D:5      | Found an ancient bone altar of Kikubaaqudgha.
  3962 | D:5      | Reached XP level 8. HP: 56/61 MP: 8/8
  3964 | D:5      | Reached skill level 5 in Fighting
  4515 | D:5      | Found a glowing silver altar of Zin.
  4704 | D:6      | Found Zoosegh's Magic Scroll Shoppe.
  4767 | D:6      | Gained mutation: You are weak. (Str -2) [Ru sacrifice]
  5107 | D:6      | Noticed Jeremiah
  5122 | D:6      | Killed Jeremiah
  5123 | D:6      | Reached XP level 9. HP: 34/69 MP: 9/9
  5819 | D:6      | Bought a scroll of identify for 22 gold pieces
  5819 | D:6      | Bought a scroll of noise for 11 gold pieces
  5819 | D:6      | Bought a scroll of identify for 22 gold pieces
  5819 | D:6      | Bought a scroll of identify for 22 gold pieces
  5819 | D:6      | Bought a scroll of fear for 44 gold pieces
  5825 | D:6      | Gained mutation: Your flesh is cold resistant. (rC+)
                  | [potion of mutation]
  5825 | D:6      | Gained mutation: You have a pair of small horns on your
                  | head. [potion of mutation]
  5827 | D:6      | Lost mutation: Your flesh is cold resistant. (rC+) [potion
                  | of mutation]
  5827 | D:6      | Lost mutation: You have a pair of small horns on your head.
                  | [potion of mutation]
  5827 | D:6      | Gained mutation: Your flesh is heat resistant. (rF+)
                  | [potion of mutation]
  5992 | D:8      | Reached skill level 10 in Long Blades
  6028 | D:8      | Found a sacrificial altar of Ru.
  6184 | D:8      | Reached XP level 10. HP: 63/79 MP: 10/10
  6384 | D:8      | Found a staircase to the Lair.
  6791 | D:8      | Noticed Maurice
  6793 | D:8      | Maurice stole 423 gold
  6796 | D:8      | Something stole an amulet of magic regeneration
  6801 | D:8      | Killed Maurice
  7376 | D:9      | Found a burning altar of Makhleb.
  7388 | D:9      | Found a shimmering blue altar of Sif Muna.
  7404 | D:9      | Got Sif Muna's Volume of Nightshade
  7453 | D:9      | Found a bloodstained altar of Trog.
  7715 | D:9      | Noticed a two-headed ogre
  7729 | D:9      | Killed a two-headed ogre
  7827 | D:10     | Entered Level 10 of the Dungeon
  7835 | D:10     | Found a flagged portal.
  7854 | D:10     | Reached XP level 11. HP: 61/87 MP: 11/11
  7877 | Bailey   | Entered a bailey
  8078 | Bailey   | Noticed an orc knight
  8098 | Bailey   | Killed an orc knight
  8129 | Bailey   | Noticed an orc knight
  8151 | Bailey   | Killed an orc knight
  8234 | Bailey   | Noticed an orc warlord
  8272 | Bailey   | Killed an orc warlord
  8537 | D:10     | Noticed Erica
  8559 | D:10     | Killed Erica
  8560 | D:10     | Reached skill level 2 in Axes
  8644 | D:10     | Identified a scroll of acquirement
  8644 | D:10     | Acquired the amulet of Tocw {Acrobat ^Fragile Will++ rCorr
                  | Slay+4}
  8746 | D:10     | Found Nufesiri's Book Emporium.
  8753 | D:10     | Noticed Harold
  8761 | D:10     | Killed Harold
  8762 | D:10     | Reached skill level 3 in Axes
  8833 | D:10     | Found a glowing golden altar of the Shining One.
  8833 | D:10     | Found a broken altar of Ashenzari.
  8890 | D:10     | Reached skill level 10 in Fighting
  8890 | D:10     | Reached skill level 4 in Axes
  8919 | D:10     | Reached skill level 8 in Axes
  8919 | D:10     | Reached XP level 12. HP: 79/97 MP: 12/12
  8920 | D:10     | Reached skill level 11 in Axes
  8920 | D:10     | Gained mutation: Your flesh is cold resistant. (rC+)
                  | [Coglin growth]
  8920 | D:10     | Mutation became permanent: Your flesh is heat resistant.
                  | (rF+) [Coglin growth]
  8920 | D:10     | Gained mutation: Your flesh is heat resistant. (rF+)
                  | [Coglin growth]
  8920 | D:10     | Reached XP level 13. HP: 85/103 MP: 13/13
  9229 | D:11     | Gained mutation: You are somewhat inexperienced. (-1 XL)
                  | [Ru sacrifice]
  9229 | D:11     | Reached XP level 12. HP: 97/97 MP: 12/12
  9229 | D:11     | Reached **** piety under Ru
  9229 | D:11     | Reached ***** piety under Ru
  9279 | D:11     | Reached skill level 12 in Axes
  9299 | D:11     | Found a staircase to the Orcish Mines.
 10284 | D:12     | Reached XP level 13. HP: 103/103 MP: 13/13
 10298 | D:12     | Noticed Urug
 10306 | D:12     | Killed Urug
 10307 | D:12     | Reached skill level 13 in Axes
 11193 | D:13     | Reached skill level 14 in Axes
 11835 | D:14     | Noticed Snorg
 11854 | D:14     | Reached skill level 15 in Axes
 11861 | D:14     | Killed Snorg
 11876 | D:14     | Found a gate to the Vaults.
 11943 | D:14     | Found a gate leading to a gauntlet.
 11943 | D:14     | Noticed Kirke
 11943 | D:14     | Noticed Azrael
 11991 | D:14     | Killed from afar by Azrael

Illustrated notes

Levels and vault maps discovered:
D:1:      dpeg_arrival_chambers_temple_mockup, layout_basic,
          shapermc_ecumenical_altar_petra, minmay_surrounded
D:2:      layout_loops_ring, basic_altar, serial_bayou_ford_a, uniq_robin
D:3:      layout_basic, old_standard_altar, amcnicky_altar_gilded,
          nicolae_overflow_hidden_temple, serial_shops, shop,
          cheibrodos_sewer_entry_drain, uniq_natasha, uniq_pargi, uniq_sigmund
D:4:      layout_basic
D:5:      layout_basic, nicolae_kikubaaqudgha_miasma_corner,
          lemuel_coloured_pillars_altar, minmay_temple_entry_waves
D:6:      layout_cave_pools, lemuel_round_altar, serial_shops,
          nicolae_take_the_stairs, uniq_jeremiah
D:7:      layout_rooms, corexii_hall_statues_u
D:8:      layout_loops_ring, mainiacjoe_overflow_chevrons,
          erik_lair_orcish_takeover, grunt_livestock,
          nicolae_twisty_statue_hallways, uniq_maurice
D:9:      layout_big_octagon, nzn_overflow_gifts_of_might_and_magic,
          overflow_temple_1_default, corexii_corridor_pit,
          chequers_serial_rivers_marsh, library_closet, minmay_misc_feat_rows
D:10:     layout_long_grid, gammafunk_temple_overflow_elements, serial_shops,
          shop, enter_bailey_3, uniq_erica, uniq_harold
D:11:     layout_loops_ring, erik_orc_3, disabler_island
D:12:     layout_cave_pods, uniq_urug
D:13:     kennysheep_ambush_hall, layout_gridville
D:14:     gargoyle_guard, layout_basic, david_vaults_2, moated_statue,
          gauntlet_entry_generic, uniq_kirke, uniq_azrael, uniq_snorg

Skill      XL: |  1  2  3  4  5  6  7  8  9 10 11 12 13 |
---------------+----------------------------------------+-----
Long Blades    | 5 7 9 10 12 13 | 13.1
Fighting       | 3 4 6 7 8 10 | 10.0
Axes           | 8 12 15 | 15.8
Throwing       | |  1.6
Dodging        | |  2.4

Action                     |  1- 3 |  4- 6 |  7- 9 | 10-12 | 13-15 || total
---------------------------+-------+-------+-------+-------+-------++-------
  Melee: Long sword        |    70 |   117 |   266 |   296 |       ||   749
         Short sword       |    48 |   102 |       |       |       ||   150
         Dagger            |       |     6 |   249 |   263 |       ||   518
         Broad axe         |       |       |       |   101 |   141 ||   242
         Scimitar          |       |       |       |    87 |   141 ||   228
 Invoke: Sacrifice Skill   |     1 |       |       |       |       ||     1
         Sacrifice Love    |       |     1 |       |       |       ||     1
         Draw Out Power    |       |       |     4 |     4 |     4 ||    12
         Sacrifice Purity  |       |       |     1 |       |       ||     1
         Reject Sacrifices |       |       |       |     1 |     1 ||     2
         Sacrifice Experie |       |       |       |     1 |       ||     1
  Evoke: Wand              |       |       |       |     7 |     6 ||    13
    Use: Scroll            |       |     7 |     8 |    11 |     8 ||    34
         Potion            |       |     1 |     4 |     9 |     2 ||    16
   Stab: Sleeping          |     1 |       |     1 |       |       ||     2
         Distracted        |       |     1 |     1 |     1 |     1 ||     4
         Invisible         |       |       |     4 |     8 |     2 ||    14
         Petrified         |       |       |       |       |     2 ||     2
         Petrifying        |       |       |       |       |     1 ||     1
         Paralysed         |       |       |       |       |     1 ||     1
 Armour: Leather armour    |    37 |    74 |     7 |       |       ||   118
         Troll leather arm |       |       |   159 |   254 |   122 ||   535
         Skin              |       |       |       |    45 |       ||    45
  Dodge: Dodged            |    38 |    73 |   142 |   219 |    97 ||   569

Table legend: (Time is in decaauts)
 A = Elapsed time spent in this place.
 B = Non-inter-level travel time spent in this place.
 C = Inter-level travel time spent in this place.
 D = Time resting spent in this place.
 E = Time spent auto-exploring this place.
 F = Levels seen in this place.
 G = Mean time per level.
                   A        B        C        D        E       F      G
               +--------+--------+--------+--------+--------+-----+--------+
         Total |  11818 |  11325 |    493 |    465 |   8478 |  16 |  738.6 |
       Dungeon |  10976 |  10483 |    493 |    465 |   8004 |  14 |  784.0 |
         Sewer |    378 |    378 |      0 |      0 |    205 |   1 |  378.0 |
        Bailey |    463 |    463 |      0 |      0 |    269 |   1 |  463.0 |
               +--------+--------+--------+--------+--------+-----+--------+

Top non-repeatable levels by time:
     D:1: 1163 daAuts
     D:8: 1115 daAuts
    D:13: 969 daAuts
     D:4: 957 daAuts
     D:3: 936 daAuts
     D:5: 924 daAuts
    D:10: 847 daAuts
    D:11: 843 daAuts
     D:9: 768 daAuts
    D:12: 758 daAuts
     D:6: 612 daAuts
     D:7: 533 daAuts
  Bailey: 463 daAuts
   Sewer: 378 daAuts
     D:2: 353 daAuts
